 Dungeon Crawl Stone Soup version 0.32-a0-685-g93135e86f0 (webtiles) character file.

Game seed: 13937661568168704387

192 warriortoast the Digger (level 5, 0/28 HPs)
             Began as a Gargoyle Earth Elementalist on Mar 12, 2024.
             Slain by a white imp (3 damage)
             ... on level 3 of the Dungeon.
             The game lasted 00:06:15 (2893 turns).

warriortoast the Digger (GrEE)                      Turns: 2893, Time: 00:06:16

Health: 0/28       AC: 13    Str: 12    XL:     5   Next: 71%
Magic:  1/10       EV: 11    Int: 17    God:
Gold:   13         SH:  0    Dex: 10    Spells: 9/10 levels left

rFire   . . .        m - +1 dagger (protect)
rCold   . . .        (no shield)
rNeg    + . .        a - +0 robe
rPois   ∞            (no helmet)
rElec   +            c - +0 cloak
rCorr   .            j - +0 pair of gloves
SInv    .            i - +0 pair of boots
Will    .....        (no amulet)
Stlth   ++           n - +4 ring of protection
HPRegen 0.24/turn    (no ring)
MPRegen 0.12/turn

%: no passive effects
@: no status effects
A: sickness immunity, AC +4, negative energy resistance 1, electricity
resistance, torment resistance 1, petrification resistance
a: no special abilities


You were on level 3 of the Dungeon.
You visited 1 branch of the dungeon, and saw 4 of its levels.

You collected 96 gold pieces.
You spent 83 gold pieces at shops.

Inventory:

Hand Weapons
 d - a +0 dagger
 m - a +1 dagger of protection (weapon)
Armour
 a - a +0 robe (worn)
 c - a +0 cloak (worn)
 g - an orb of light
 h - an orb of guile
 i - a +0 pair of boots (worn)
 j - a +0 pair of gloves (worn)
Jewellery
 n - a +4 ring of protection (left hand)
 q - a ring of ice
 x - the amulet "Ligiho" {Faith rCorr Int+2}
   (You found it on level 3 of the Dungeon)

   [amulet of faith]

   Faith:     It allows you to gain divine favour quickly.
   Int+2:     It affects your intelligence (+2).
   rCorr:     It protects you from acid and corrosion.
Wands
 y - a wand of flame (22)
Scrolls
 k - a scroll of enchant weapon
 l - a scroll of summoning {unknown}
 o - a scroll of blinking {unknown}
 p - a scroll of immolation {unknown}
Potions
 b - a potion of magic
 e - a potion of berserk rage
 f - 2 potions of brilliance {unknown}
 r - 4 potions of curing
 s - a potion of haste {unknown}
 t - a potion of ambrosia {unknown}
 u - a potion of mutation {unknown}
 v - 2 potions of degeneration
 w - a potion of lignification {unknown}


   Skills:
 - Level 1.5 Dodging
 - Level 2.1 Stealth
 + Level 3.4 Spellcasting
 + Level 3.4 Conjurations
 + Level 5.1 Earth Magic


You had 9 spell levels left.
You knew the following spells:

 Your Spells              Type           Power      Damage    Failure   Level
a - Sandblast             Erth           40%        2d10      1%          1

Your spell library contained the following spells:

 Spells                   Type           Power      Damage    Failure   Level
 Passwall                 Erth           20%        N/A       6%          3
 Stone Arrow              Conj/Erth      34%        3d9       9%          3
 Static Discharge         Conj/Air       16%        3-4/arc   12%         2
 Mercury Vapours          Alch/Air       4%         N/A       26%         2
 Brom's Barrelling Bould  Conj/Erth      17%        2d4       28%         4
 Mephitic Cloud           Conj/Alch/Air  6%         N/A       30%         3
 Tukima's Dance           Hex            2%         N/A       45%         3
 Petrify                  Alch/Erth      11%        N/A       50%         4
 Iskenderun's Mystic Bla  Conj/Tloc      8%         2d4       63%         4
 Airstrike                Air            1%         2d(1-17)  86%         4
 Dimensional Bullseye     Hex/Tloc       1%         N/A       86%         4
 Summon Lightning Spire   Summ/Air       2%         N/A       86%         4
 Freezing Cloud           Conj/Ice/Air   3%         6-21      96%         5
 Sculpt Simulacrum        Ice/Alch       1%         N/A       100%        6
 Ozocubu's Refrigeration  Ice            1%         4d7       100%        7
 Polar Vortex             Ice            1%         N/A       100%        9


Dungeon Overview and Level Annotations

Branches:
Dungeon (4/15)
 Temple: D:4-7

Altars:

Shops:
D:2 *   D:3 !


Innate Abilities, Weirdness & Mutations

You are immune to sickness and miasma.
Your stone body is resilient. (AC +4)
You are immune to poison.
You resist negative energy. (rN+)
You are resistant to electric shocks. (rElec)
You are resistant to unholy torment.
You are immune to petrification.


Message History

The white imp gestures at you. The puff of frost misses you.
The puff of frost hits the shadow imp.
The shadow imp resists.
The shadow imp hits you.
The blast of sand misses the quasit.
The blast of sand hits the white imp.
The white imp is moderately wounded.
The quasit barely misses you.
The quasit claws you but does no damage.
The quasit closely misses you. The white imp closely misses you.
The shadow imp grins evilly.
The shadow imp closely misses you. The white imp gestures at you.
The puff of frost misses you.
The puff of frost hits the shadow imp.
The shadow imp resists.
The quasit closely misses you.
The quasit claws you but does no damage.
The quasit misses you.
The blast of sand hits the quasit!
You kill the quasit!
The white imp hits you. The white imp freezes you.
The white imp hits you but does no damage.
The shadow imp hits you but does no damage.
The white imp hits you but does no damage. x2
The shadow imp hits you.
You are too injured to fight recklessly!
The shadow imp hits you but does no damage.
The white imp gestures at you. The puff of frost hits you.
* * * LOW HITPOINT WARNING * * *
The white imp barely misses you. x2
You climb upwards.
There is a stone staircase leading down here.
As you read the scroll labelled UTRIEF MAECAGI, it crumbles to dust.
It is a scroll of enchant weapon.
Your +0 dagger of protection glows red for a moment.
The shadow imp hits you.
* * * LOW HITPOINT WARNING * * *
The white imp lashes its tail.
The white imp hits you.
* * * LOW HITPOINT WARNING * * *
The white imp freezes you.
You die...

##### #.... #.### #########
#.#
#.......##################.###
#.#####.#..55@55..............
#.# #.#.#######.########.##.
#.# ###.#.## ##...## #.... #.#
#......# #.)...# #.... #.#
#.#.#.## ##...## #.##. # #.#
#.#.### ##.## #.##. #
#.###.#.# #.# #.##. #
#.......# #.# #.##. #
###...### ##'## #.##.


You could see 3 white imps and a shadow imp.

Vanquished Creatures
  A quasit (D:4)
  3 gnolls (D:2)
  5 adders
  A shadow imp (D:4)
  4 dart slugs
  A ribbon worm (D:3)
  5 orcs
  2 bats
  5 endoplasms
  2 giant cockroaches (D:2)
  3 goblins
  7 hobgoblins
  4 jackals (D:3)
  2 quokkas
  5 ball pythons
  3 frilled lizards
  6 kobolds
  8 rats
67 creatures vanquished.

Notes
Turn   | Place    | Note
-------+----------+-------------------------------------------
     0 | D:1      | warriortoast the Gargoyle Earth Elementalist began the
                  | quest for the Orb.
     0 | D:1      | Reached XP level 1. HP: 10/10 MP: 3/3
   196 | D:1      | Reached XP level 2. HP: 15/15 MP: 1/5
   287 | D:1      | Reached skill level 4 in Earth Magic
   556 | D:1      | Reached XP level 3. HP: 19/19 MP: 4/6
   994 | D:2      | Found Neirrerr's General Store.
  1055 | D:1      | Reached XP level 4. HP: 14/24 MP: 2/8
  1244 | D:2      | Bought a scroll of identify for 28 gold pieces
  1540 | D:2      | Reached XP level 5. HP: 13/28 MP: 0/9
  2244 | D:3      | Found Tybb's Distillery.
  2251 | D:3      | Bought a potion of curing for 33 gold pieces
  2251 | D:3      | Bought 2 potions of degeneration for 22 gold pieces
  2644 | D:3      | Identified the amulet "Ligiho" {Faith rCorr Int+2}
  2883 | D:4      | Reached skill level 5 in Earth Magic
  2893 | D:3      | Slain by a white imp

Illustrated notes

Levels and vault maps discovered:
D:1:      dpeg_arrival_round_b, layout_basic, minmay_split_cup_large
D:2:      layout_basic, serial_shops, shop, grunt_decor_clamped
D:3:      layout_loops_corners, serial_shops, shop_fountains
D:4:      layout_basic, mainiacjoe_overflow_catwalk, serial_demonic,
          serial_demonic_f, serial_demonic_d, serial_demonic_a,
          serial_demonic_b, grunt_ministairs_13, uniq_ijyb

Skill      XL: |  1  2  3  4  5 |
---------------+----------------+-----
Earth Magic    | 4 5 |  5.1
Conjurations   | 2 3 |  3.4
Spellcasting   | 3 |  3.4
Dodging        | |  1.5
Stealth        | |  2.1

Action                     |  1- 3 |  4- 6 || total
---------------------------+-------+-------++-------
  Melee: Dagger            |    42 |    17 ||    59
         Unarmed           |     2 |       ||     2
   Cast: Sandblast         |    43 |    61 ||   104
    Use: Scroll            |       |     2 ||     2
 Armour: Robe              |    55 |    67 ||   122
  Dodge: Dodged            |    47 |    62 ||   109

Table legend: (Time is in decaauts)
 A = Elapsed time spent in this place.
 B = Non-inter-level travel time spent in this place.
 C = Inter-level travel time spent in this place.
 D = Time resting spent in this place.
 E = Time spent auto-exploring this place.
 F = Levels seen in this place.
 G = Mean time per level.
                   A        B        C        D        E       F      G
               +--------+--------+--------+--------+--------+-----+--------+
         Total |   2943 |   2865 |     78 |    233 |   2121 |   4 |  735.8 |
       Dungeon |   2943 |   2865 |     78 |    233 |   2121 |   4 |  735.8 |
               +--------+--------+--------+--------+--------+-----+--------+

Top non-repeatable levels by time:
     D:1: 1082 daAuts
     D:3: 1012 daAuts
     D:2: 834 daAuts
     D:4: 14 daAuts
